 Dungeon Crawl Stone Soup version 0.22-a0-425-g89d60a1 (webtiles) character file.

269 Veiltonx the Insei (level 6, -6/48 HPs)
             Began as a Draconian Transmuter on May 24, 2018.
             Splashed by Ijyb's acid (15 damage)
             ... on level 3 of the Dungeon.
             The game lasted 00:07:16 (2763 turns).

Veiltonx the Insei (Draconian Transmuter)           Turns: 2763, Time: 00:07:17

Health: -6/48      AC:  2    Str: 12    XL:     6   Next: 1%
Magic:  9/11       EV: 12    Int: 15    God:
Gold:   116        SH:  0    Dex: 12    Spells: 5/11 levels left

rFire    . . .     SeeInvis .     - Unarmed
rCold    . . .     Gourm    .   (no shield)
rNeg     . . .     Faith    .   (armour unavailable)
rPois    .         Spirit   .   (helmet restricted)
rElec    .         Reflect  .   (no cloak)
rCorr    .         Harm     .   (no gloves)
MR       .....                  (boots currently unavailable)
Stlth    +.........             (no amulet)
HPRegen  0.16/turn              (no ring)
MPRegen  0.12/turn              (no ring)

@: appendage, corroded
A: unfitting armour, talons 3, cold-blooded, AC +6
a: End Transformation


You were on level 3 of the Dungeon.
You were not hungry.
You had grown temporary talons.
You visited 1 branch of the dungeon, and saw 3 of its levels.

You collected 116 gold pieces.

Inventory:

Missiles
 a - 20 arrows
 f - 8 tomahawks (quivered)
Wands
 d - a wand of acid (12)
 k - a wand of iceblast (12)
Scrolls
 b - a scroll of identify {unknown}
 e - a scroll of noise {unknown}
 g - 2 scrolls of fear {unknown}
 m - a scroll of remove curse {unknown}
Potions
 h - a potion of flight {unknown}
 i - a potion of might {unknown}
 j - a potion of curing {unknown}
 l - a potion of cancellation {unknown}
 n - a potion of heal wounds {unknown}
Comestibles
 c - 4 rations
 o - 4 chunks of flesh


   Skills:
 - Level 2.0 Fighting
 - Level 2.1 Dodging
 + Level 4.2 Unarmed Combat
 + Level 3.3 Spellcasting
 + Level 3.4 Transmutations
 + Level 1.9 Poison Magic


You had 5 spell levels left.
You knew the following spells:

 Your Spells              Type           Power        Failure   Level  Hunger
a - Beastly Appendage     Tmut           ##....       4%          1    None
b - Sticks to Snakes      Tmut           ##......     7%          2    ##.....
c - Spider Form           Tmut/Pois      ##........   19%         3    ###....

Your spell library contained the following spells:

 Spells                   Type           Power        Failure   Level  Hunger
 Blade Hands              Tmut           ##........   78%         5    ######.
 Ice Form                 Ice/Tmut       #.......     67%         4    ####...


Dungeon Overview and Level Annotations

Branches:
Dungeon (3/15)

Altars:
Elyvilon

Annotations:
D:3 Ijyb; Nattefrost's ghost, novice MfSk


Innate Abilities, Weirdness & Mutations

Your plain brown scales are hard. (AC +6)
You cannot fit into any form of body armour.
You are cold-blooded and may be slowed by cold attacks.
You have claws for feet.


Message History

Ijyb zaps a wand.
The bolt of acid hits your adder.
Your adder is splashed with acid.
The acid corrodes your adder!
Your adder dies!
The bolt of acid hits you!
You are splashed with acid!
The acid burns!
It is a wand of acid (5).
Unknown command.
You hit Ijyb but do no damage. Ijyb hits you but does no damage.
You hit Ijyb but do no damage. Your kick misses Ijyb. Ijyb misses you.
Casting: Beastly Appendage (safe; 4% risk of failure)
Confirm with . or Enter, or press ? or * to list all spells.
You extend your transformation's duration.
Ijyb hits you with a club.
Ijyb zaps a wand.
The bolt of acid misses you.
You closely miss Ijyb.
Ijyb screams, "It's all mine!"
Ijyb hits you but does no damage.
You closely miss Ijyb.
Ijyb zaps a wand.
The bolt of acid hits you!
* * * LOW HITPOINT WARNING * * *
The acid corrodes you!
You are splashed with acid!
The acid burns!
You die...

#.##############..#
..............##..#
.#.###.#####.##..#
#% #.# ##...#..#
....###.###.......#
...lg.)...........#
...####l###.....#.#
#g# ##...#...#
#@#####.#.....#
#.......##...##
.._......###.##
#..# #...##..## #.
#. ## #..# #..#
...# ...# .....


You could see Ijyb and a frilled lizard.

Vanquished Creatures
  Grinder (D:3)
  Jessica (D:3)
  2 worms (D:2)
  6 dart slugs
  A leopard gecko (D:2)
  8 giant cockroaches
  6 goblins
  8 hobgoblins
  5 jackals
  7 kobolds
  8 bats
  5 frilled lizards
  11 rats
69 creatures vanquished.

Vanquished Creatures (collateral kills)
  An adder (D:3)
  An orc (D:3)
2 creatures vanquished.

Grand Total: 71 creatures vanquished

Notes
Turn   | Place    | Note
-------+----------+-------------------------------------------
     0 | D:1      | Veiltonx the Draconian Transmuter began the quest for the Orb.
     0 | D:1      | Reached XP level 1. HP: 16/16 MP: 3/3
   107 | D:1      | Reached XP level 2. HP: 4/23 MP: 3/5
   821 | D:1      | Reached XP level 3. HP: 25/29 MP: 6/6
  1229 | D:1      | Learned a level 2 spell: Sticks to Snakes
  1233 | D:1      | Learned a level 3 spell: Spider Form
  1763 | D:2      | Reached XP level 4. HP: 21/36 MP: 7/7
  2333 | D:3      | Noticed Grinder
  2385 | D:3      | Killed Grinder
  2385 | D:3      | Reached skill level 4 in Unarmed Combat
  2385 | D:3      | Reached skill level 1 in Poison Magic
  2385 | D:3      | Reached XP level 5. HP: 11/41 MP: 0/9
  2509 | D:3      | Noticed Nattefrost's ghost (novice MfSk)
  2603 | D:3      | Noticed Jessica
  2615 | D:3      | Killed Jessica
  2693 | D:3      | Reached XP level 6. HP: 43/48 MP: 6/11
  2743 | D:3      | Noticed Ijyb
  2751 | D:3      | Found a white marble altar of Elyvilon.
  2763 | D:3      | Splashed by Ijyb's acid

Vault maps used:
D:1:      matt_arrival_refuge, minmay_heptomino_w4
D:2:      first_ration, grunt_ministairs_12, kennysheep_generic_room_13
D:3:      nicolae_overflow_crystal_walls, uniq_natasha, uniq_jessica, uniq_ijyb,
          uniq_grinder

Skill      XL: |  1  2  3  4 |
---------------+-------------+-----
Dodging        | 2 |  2.1
Fighting       | 2 |  2.0
Unarmed Combat | 4 |  4.2
Spellcasting   | 3 |  3.3
Transmutations | 3 |  3.4
Poison Magic   | 1 |  1.9

Action                   |  1- 3 |  4- 6 || total
-------------------------+-------+-------++-------
Melee: Unarmed           |   167 |    69 ||   236
       Kick              |    13 |       ||    13
       Tailslap          |    15 |    10 ||    25
       Punch             |     4 |     1 ||     5
       Headbutt          |     8 |     4 ||    12
 Cast: Beastly Appendage |    21 |     6 ||    27
       Sticks to Snakes  |       |    14 ||    14
  Eat: Chunk             |     3 |     4 ||     7
Armor: Skin              |    62 |    15 ||    77
Dodge: Dodged            |   118 |    31 ||   149

Table legend:
 A = Spawn XP
 B = Non-spawn XP
 C = Spawn XP percentage of total XP
 D = Spawn monster count
 E = Non-spawn monster count
 F = Spawn count percentage of total count
 G = Total turns spent on level
                    A         B        C        D         E        F      G
               +---------+---------+-------+---------+---------+-------+---------
         Total |       0 |     385 |   0.0 |       0 |      71 |   0.0 |  2763
               +---------+---------+-------+---------+---------+-------+---------
           D:1 |       0 |      72 |   0.0 |       0 |      41 |   0.0 |  1306
           D:2 |       0 |      48 |   0.0 |       0 |      23 |   0.0 |   956
           D:3 |       0 |     265 |   0.0 |       0 |       7 |   0.0 |   501
               +---------+---------+-------+---------+---------+-------+---------
